 Dungeon Crawl Stone Soup version 0.23.0-33-g5e6c059 (webtiles) character file.

Game seed: 52312874200165013

141 Lanoc the Shield-Bearer (level 5, -1/42 HPs)
             Began as a Formicid Fighter on Feb 26, 2019.
             Was a Follower of Uskayaw.
             Slain by Grinder (6 damage)
             ... on level 4 of the Dungeon.
             The game lasted 00:03:17 (938 turns).

Lanoc the Shield-Bearer (Formicid Fighter)           Turns: 938, Time: 00:03:18

Health: -1/42      AC:  7    Str: 26    XL:     5   Next: 48%
Magic:  5/5        EV:  9    Int:  8    God:    Uskayaw [*.....]
Gold:   111        SH: 10    Dex: 10    Spells: 4/4 levels left

rFire    . . .     SeeInvis +   a - +0 war axe
rCold    . . .     Gourm    .   c - +0 shield
rNeg     . . .     Faith    .   b - +0 scale mail
rPois    .         Spirit   .   (helmet unavailable)
rElec    .         Reflect  .   (no cloak)
rCorr    .         Harm     .   (no gloves)
MR       .....                  (no boots)
Stlth    ..........             (no amulet)
HPRegen  0.14/turn              (no ring)
MPRegen  0.09/turn              (no ring)

@: mighty
A: permanent stasis, dig shafts and tunnels, four strong arms, antennae 3
a: Dig, Shaft Self, Stomp, Renounce Religion


You were on level 4 of the Dungeon.
You worshipped Uskayaw.
Uskayaw was noncommittal.
You were not hungry.

You visited 1 branch of the dungeon, and saw 4 of its levels.

You collected 111 gold pieces.

Inventory:

Hand Weapons
 a - a +0 war axe (weapon)
Armour
 b - a +0 scale mail (worn)
 c - a +0 shield (worn)
Scrolls
 j - a scroll of remove curse {unknown}
 k - a scroll of fear {unknown}
 l - a scroll of teleportation {unknown}
 m - a scroll of fog {unknown}
Potions
 e - a potion of agility {unknown}
 g - a potion of curing {unknown}
 h - 3 potions of cancellation {unknown}
 i - 2 potions of brilliance {unknown}
Comestibles
 f - 5 rations
 n - 4 chunks of flesh


   Skills:
 + Level 3.9 Fighting
 * Level 3.3 Axes
 + Level 4.0 Armour
 + Level 1.5 Dodging
 + Level 4.3 Shields
 + Level 0.0 Invocations


You had 4 spell levels left.
You didn't know any spells.
Your spell library was empty.

Dungeon Overview and Level Annotations

Branches:
Dungeon (4/15)
 Temple: D:4-7

Altars:
Uskayaw
Vehumet
Beogh

Annotations:
D:4 3 runed translucent doors, Grinder; Monsterracer's ghost, amateur MiIE


Innate Abilities, Weirdness & Mutations

You cannot be hasted, slowed, berserked, paralysed or teleported.
You can dig through walls and to a lower floor.
Your four strong arms can wield two-handed weapons with a shield.
You have a pair of large antennae on your head. (SInv)


Message History

Pain shoots through your body! Grinder completely misses you.
You are too injured to fight recklessly!
You are too injured to fight recklessly!
You closely miss Grinder.
Grinder is moderately wounded.
Grinder hits you.
You writhe in agony.
You feel very mighty all of a sudden. Grinder gestures at you.
Pain shoots through your body!
* * * LOW HITPOINT WARNING * * *
You slash Grinder!
Grinder is heavily wounded.
Grinder hits you but does no damage.
You slash Grinder!
Grinder is almost dead.
Grinder gestures at you.
You struggle to resist.
Grinder hits you.
* * * LOW HITPOINT WARNING * * *
You writhe in agony.
You die...

## #. #. #. #.
############## #.
#............#####
#@##########.##...
#5# #.##.## #.#
##.##.# #.#
####...#.# #.#
..........## #.#
.#####....... #.#
.........>... #.#
######.##.##
#.##...


You could see Grinder.

Vanquished Creatures
  A water moccasin skeleton (D:4)
  A hound (D:4)
  3 adders
  A dart slug (D:2)
  2 leopard geckos (D:3)
  5 orcs
  2 giant cockroaches
  A goblin (D:1)
  4 hobgoblins
  2 jackals (D:2)
  A quokka (D:3)
  A bat (D:3)
  A frilled lizard (D:3)
  A kobold (D:3)
  3 rats
29 creatures vanquished.

Notes
Turn   | Place    | Note
-------+----------+-------------------------------------------
     0 | D:1      | Lanoc the Formicid Fighter began the quest for the Orb.
     0 | D:1      | Reached XP level 1. HP: 18/18 MP: 1/1
    85 | D:2      | Reached XP level 2. HP: 21/24 MP: 2/2
   141 | D:2      | Reached XP level 3. HP: 29/29 MP: 3/3
   250 | D:3      | Found a radiant altar of Vehumet.
   419 | D:3      | Reached skill level 1 in Dodging
   419 | D:3      | Reached XP level 4. HP: 27/35 MP: 4/4
   754 | D:4      | Reached XP level 5. HP: 34/42 MP: 5/5
   791 | D:4      | Found a hide-covered altar of Uskayaw.
   819 | D:4      | Noticed Monsterracer's ghost (amateur MiIE)
   820 | D:4      | Found a runed translucent gate.
   820 | D:4      | Found a runed translucent gate.
   821 | D:4      | Found a roughly hewn altar of Beogh.
   821 | D:4      | Found a runed translucent gate.
   846 | D:4      | Became a worshipper of Uskayaw the Reveler
   929 | D:4      | Noticed Grinder
   931 | D:4      | Reached * piety under Uskayaw
   938 | D:4      | Slain by Grinder

Skill      XL: |  1  2  3  4  5 |
---------------+----------------+-----
Dodging        | 1 |  1.5
Shields        | 4 |  4.3
Axes           | 3 |  3.3
Armour         | 4 |  4.0
Fighting       | |  3.9

Action                   |  1- 3 |  4- 6 || total
-------------------------+-------+-------++-------
Melee: War axe           |    88 |    41 ||   129
  Use: Potion            |     1 |     1 ||     2
Armor: Scale mail        |    37 |     8 ||    45
Dodge: Dodged            |    26 |    16 ||    42
Block: Shield            |    48 |    22 ||    70
